 Dungeon Crawl Stone Soup version 0.25.1-2-g60ff931df9 (webtiles) character file.

Game seed: 992306878437386628

230 raphaelitos the Covered (level 5, -9/47 HPs)
             Began as a Minotaur Fighter on Oct 5, 2020.
             Was an Initiate of Okawaru.
             Killed by divine providence
             ... invoked by an orc priest
              (16 damage)
             ... on level 4 of the Dungeon.
             The game lasted 00:04:30 (2831 turns).

raphaelitos the Covered (Minotaur Fighter)          Turns: 2831, Time: 00:04:31

Health: -9/47      AC: 13    Str: 22    XL:     5   Next: 72%
Magic:  4/4        EV:  4    Int:  5    God:    Okawaru [......]
Gold:   123        SH:  9    Dex:  9    Spells: 4/4 levels left

rFire    . . .     SeeInvis .   a - +1 war axe
rCold    . . .     Gourm    .   c - +0 kite shield
rNeg     . . .     Faith    .   m - +1 plate armour
rPois    .         Spirit   .   (helmet restricted)
rElec    .         Reflect  .   (no cloak)
rCorr    .         Harm     .   (no gloves)
MR       .....                  (no boots)
Stlth    ..........             (no amulet)
HPRegen  0.15/turn              (no ring)
MPRegen  0.09/turn              (no ring)

@: no status effects
A: retaliatory headbutt, horns 2
a: Renounce Religion


You were on level 4 of the Dungeon.
You worshipped Okawaru.
Okawaru was noncommittal.
You were not hungry.

You visited 1 branch of the dungeon, and saw 4 of its levels.

You collected 123 gold pieces.

Inventory:

Hand Weapons
 a - a +1 war axe (weapon)
Missiles
 h - 11 poisoned darts (quivered)
 i - 48 sling bullets
 l - 28 bolts
 q - 32 arrows
Armour
 b - a +0 scale mail
 c - a +0 kite shield (worn)
 m - a +1 plate armour (worn)
Jewellery
 k - an uncursed ring of resist corrosion {unknown}
Wands
 e - a wand of polymorph (4)
Scrolls
 j - 5 scrolls of identify
 n - a scroll of fog
 o - a scroll of magic mapping {unknown}
 p - 4 scrolls of remove curse
Potions
 d - a potion of might
 g - a potion of ambrosia {unknown}
 r - 2 potions of lignification {unknown}
Comestibles
 f - 4 rations
 s - a chunk of flesh


   Skills:
 + Level 4.6 Fighting
 + Level 4.5 Axes
 + Level 5.3 Armour
 + Level 0.2 Dodging
 + Level 4.5 Shields


You had 4 spell levels left.
You didn't know any spells.
Your spell library was empty.

Dungeon Overview and Level Annotations

Branches:
Dungeon (4/15)
 Temple: D:4-7

Altars:
Okawaru

Shops:
D:4 ?


Innate Abilities, Weirdness & Mutations

You reflexively headbutt those who attack you in melee.
You have a pair of horns on your head.


Message History

The orc priest calls down the wrath of Beogh upon you.
Beogh smites you!
Your plate armour prevents you from hitting the orc priest.
Your headbutt misses the orc priest. You slash the orc priest!
You hit the orc wizard.
The orc priest hits you but does no damage.
The orc priest invokes the aid of Beogh against you.
Beogh smites you!
* * * LOW HITPOINT WARNING * * *
The orc wizard points at you and mumbles some strange words.
You resist with some effort.
The orc priest calls upon Beogh to heal the orc wizard.
The orc wizard is healed somewhat.
The orc priest hits you but does no damage.
The orc wizard casts a spell.
The orc wizard blinks!
The orc priest looks satisfied for a moment.
The orc priest mumbles some strange prayers to Beogh against you.
Beogh smites you!
You die...

## ## .# #.#
##.####.# ## #...
.... .#
#..####.##.#
#######....o.⌠o⌠.#
.........#.#..∩@.#
#######..#.##o.o##
..............###
...?...÷....###
###.##......# #
#.......#
#..<....#
#......#..#
............#


You could see 3 orc priests and an orc wizard (fast).

Vanquished Creatures
  An orc priest (D:3)
  An orc wizard (D:3)
  Natasha (D:2)
  Jessica (D:3)
  A gnoll (D:1)
  3 adders
  3 worms (D:2)
  2 dart slugs
  2 leopard geckos
  3 orcs
  4 bats
  4 giant cockroaches
  6 goblins
  6 hobgoblins
  7 jackals (D:1)
  6 kobolds
  2 quokkas (D:2)
  2 ball pythons (D:2)
  3 frilled lizards
  10 rats
68 creatures vanquished.

Notes
Turn   | Place    | Note
-------+----------+-------------------------------------------
     0 | D:1      | raphaelitos the Minotaur Fighter began the quest for the
                  | Orb.
     0 | D:1      | Reached XP level 1. HP: 19/19 MP: 0/0
   151 | D:1      | Reached XP level 2. HP: 23/27 MP: 1/1
   532 | D:1      | Reached skill level 4 in Armour
   573 | D:1      | Reached XP level 3. HP: 33/33 MP: 2/2
  1392 | D:2      | Reached XP level 4. HP: 41/41 MP: 3/3
  1402 | D:2      | Noticed Natasha
  1413 | D:2      | Killed Natasha
  1751 | D:2      | Found an iron altar of Okawaru.
  1767 | D:2      | Became a worshipper of Warmaster Okawaru
  1846 | D:3      | Noticed Jessica
  1852 | D:3      | Killed Jessica
  1852 | D:3      | Reached XP level 5. HP: 47/47 MP: 4/4
  2281 | D:3      | Reached skill level 5 in Armour
  2805 | D:4      | Found Ijycuntu's Magic Scroll Shop.
  2831 | D:4      | Killed from afar by an orc priest

Illustrated notes

Levels and vault maps discovered:
D:1:      dpeg_arrival_arbitrary_b, layout_loops_corners
D:2:      layout_basic, okawaru_gym_becter, uniq_natasha
D:3:      layout_loops_corners, first_ration, uniq_jessica
D:4:      layout_basic, nicolae_overflow_hidden_temple, serial_shops,
          nicolae_shop_behind_doors, nicolae_shop_stone, kennysheep_mini,
          shop_fountains, nicolae_shop_behind_doors,
          gammafunk_ghost_nasty_kobolds, lemuel_flame_loot_1, uniq_blork_the_orc

Skill      XL: |  1  2  3  4  5 |
---------------+----------------+-----
Fighting       | 4 |  4.6
Shields        | 4 |  4.5
Armour         | 4 5 |  5.3
Axes           | 3 4 |  4.5
Dodging        | |  0.2

Action                   |  1- 3 |  4- 6 || total
-------------------------+-------+-------++-------
Melee: War axe           |    78 |    78 ||   156
       Headbutt          |    13 |     8 ||    21
  Use: Scroll            |       |     7 ||     7
  Eat: Chunk             |     2 |     2 ||     4
       Ration            |       |     1 ||     1
Armor: Scale mail        |    26 |       ||    26
       Plate armour      |    17 |    54 ||    71
Dodge: Dodged            |    26 |    13 ||    39
Block: Kite shield       |    33 |    51 ||    84
